NYP
HILLSBORO HOPS @ CINCINNATI (NYP) REDS
06/26/2048
 
TOP OF THE 1ST
Hillsboro Hops batting - Pitching for Cincinnati (NYP) Reds : RHP Toby Riley
Pitching: RHP Toby Riley
Batting: RHB Yutaka Oki 0-0: Foul Ball, location: 2F
0-1: Ball
1-1: Swinging Strike
1-2: Strikes out swinging
Batting: RHB Daniel Rivera 0-0: Foul Ball, location: 2F
0-1: Ball
1-1: Ball
2-1: Ball
3-1: Foul Ball, location: 2F
3-2: Fly out, F8 (Flyball, 8RD, EV 93.8 MPH)
Batting: LHB Franklin Quezada 0-0: Swinging Strike
0-1: Ball
1-1: Ground out 3-1 (Groundball, 34S, EV 86.2 MPH)
Top of the 1st over - 0 runs, 0 hits, 0 errors, 0 left on base; Hillsboro 0 - Cincinnati (NYP) 0
BOTTOM OF THE 1ST
Cincinnati (NYP) Reds batting - Pitching for Hillsboro Hops : RHP Jose Rodas
Pitching: RHP Jose Rodas
Batting: RHB Jon Marquez 0-0: Fly out, F7 (Flyball, 7D, EV 94.4 MPH)
Batting: RHB Kevin Larner 0-0: Ball
1-0: Ground out 6-3 (Groundball, 6, EV 85.6 MPH)
Batting: RHB Randy Grewe 0-0: Ball
1-0: SINGLE (Flyball, 6D, EV 95.6 MPH)
Batting: LHB Brian Dickeson 0-0: Ball
1-0: Ball
2-0: Called Strike
2-1: Ball
3-1: Base on Balls
Randy Grewe to second
Batting: RHB David Clough 0-0: Called Strike
0-1: Called Strike
0-2: Foul Ball, location: 2F
0-2: Foul Ball, location: 2F
0-2: Ball
1-2: Foul Ball, location: 2F
1-2: Ground out 4-3 (Groundball, 4, EV 86.9 MPH)
Bottom of the 1st over - 0 runs, 1 hit, 0 errors, 2 left on base; Hillsboro 0 - Cincinnati (NYP) 0
TOP OF THE 2ND
Hillsboro Hops batting - Pitching for Cincinnati (NYP) Reds : RHP Toby Riley
Batting: RHB Danny Loyola 0-0: Ball
1-0: SINGLE (Groundball, 25, EV 59.4 MPH) (infield hit)
Batting: RHB Jonathan Underhill 0-0: Ball
1-0: 2-RUN HOME RUN (Flyball, 7LD, EV 98.8 MPH), Distance : 362 ft
Batting: RHB Cesar Rendon 0-0: Called Strike
0-1: Foul Ball, location: 2F
0-2: Ball
1-2: Ball
2-2: Foul Ball, location: 2F
2-2: Strikes out looking
Batting: RHB Antonio Luisa 0-0: Ball
1-0: Called Strike
1-1: DOUBLE (Line Drive, 89D, EV 108.1 MPH)
Batting: LHB Josh Kirk 0-0: Ball
1-0: SINGLE (Line Drive, 6M, EV 100.6 MPH)
Antonio Luisa to third
Batting: RHB Trevor Corey 0-0: Ball
1-0: Foul Ball, location: 2F
1-1: Ball
2-1: Foul Ball, location: 2F
2-2: Strikes out swinging
Batting: RHB Yutaka Oki 0-0: Ball
1-0: Ball
2-0: Called Strike
2-1: Fly out, F7 (Flyball, 78M, EV 71.2 MPH)
Top of the 2nd over - 2 runs, 4 hits, 0 errors, 2 left on base; Hillsboro 2 - Cincinnati (NYP) 0
BOTTOM OF THE 2ND
Cincinnati (NYP) Reds batting - Pitching for Hillsboro Hops : RHP Jose Rodas
Batting: SHB Cesar Pelayo 0-0: Ball
1-0: Ball
2-0: Called Strike
2-1: Foul Ball, location: 2F
2-2: Strikes out swinging, 2-3 out at first.
Batting: RHB Tim Walter 0-0: Ball
1-0: Called Strike
1-1: Ball
2-1: Swinging Strike
2-2: Foul Ball, location: 2F
2-2: Foul Ball, location: 2F
2-2: Strikes out looking
Batting: LHB Jason Pirkle 0-0: Called Strike
0-1: Ball
1-1: Ball
2-1: Called Strike
2-2: Fly out, F5 (Line Drive, 56, EV 73.8 MPH)
Bottom of the 2nd over - 0 runs, 0 hits, 0 errors, 0 left on base; Hillsboro 2 - Cincinnati (NYP) 0
TOP OF THE 3RD
Hillsboro Hops batting - Pitching for Cincinnati (NYP) Reds : RHP Toby Riley
Batting: RHB Daniel Rivera 0-0: Ball
1-0: Called Strike
1-1: Ball
2-1: Swinging Strike
2-2: Ball
3-2: Foul Ball, location: 2F
3-2: Foul Ball, location: 2F
3-2: Ground out 5-3 (Groundball, 56, EV 98.8 MPH)
Batting: LHB Franklin Quezada 0-0: Called Strike
0-1: Ball
1-1: Called Strike
1-2: Strikes out looking
Batting: RHB Danny Loyola 0-0: Ball
1-0: Ball
2-0: Called Strike
2-1: Ball
3-1: Called Strike
3-2: Strikes out swinging
Top of the 3rd over - 0 runs, 0 hits, 0 errors, 0 left on base; Hillsboro 2 - Cincinnati (NYP) 0
BOTTOM OF THE 3RD
Cincinnati (NYP) Reds batting - Pitching for Hillsboro Hops : RHP Jose Rodas
Batting: RHB Cyd Carver 0-0: DOUBLE (Line Drive, 89M, EV 98.1 MPH)
Batting: RHB Jon Marquez 0-0: Ball
1-0: Ball
2-0: Called Strike
2-1: Called Strike
2-2: Foul Ball, location: 2F
2-2: Strikes out swinging
Batting: RHB Kevin Larner 0-0: Called Strike
0-1: Ground out 6-3 (Groundball, 6, EV 98.1 MPH)
Batting: RHB Randy Grewe 0-0: Ground out 6-3 (Groundball, 6, EV 86.9 MPH)
Bottom of the 3rd over - 0 runs, 1 hit, 0 errors, 1 left on base; Hillsboro 2 - Cincinnati (NYP) 0
TOP OF THE 4TH
Hillsboro Hops batting - Pitching for Cincinnati (NYP) Reds : RHP Toby Riley
Batting: RHB Jonathan Underhill 0-0: Swinging Strike
0-1: Foul Ball, location: 2F
0-2: Strikes out swinging
Batting: RHB Cesar Rendon 0-0: Ball
1-0: Ball
2-0: Ground out 6-3 (Groundball, 6, EV 76.2 MPH)
Batting: RHB Antonio Luisa 0-0: Ball
1-0: Swinging Strike
1-1: Ground out 5-3 (Groundball, 5S, EV 71.2 MPH)
Top of the 4th over - 0 runs, 0 hits, 0 errors, 0 left on base; Hillsboro 2 - Cincinnati (NYP) 0
BOTTOM OF THE 4TH
Cincinnati (NYP) Reds batting - Pitching for Hillsboro Hops : RHP Jose Rodas
Batting: LHB Brian Dickeson 0-0: Called Strike
0-1: Ball
1-1: Foul Ball, location: 2F
1-2: Strikes out swinging
Batting: RHB David Clough 0-0: Fly out, F8 (Flyball, 89M, EV 85.6 MPH)
Batting: SHB Cesar Pelayo 0-0: Called Strike
0-1: Foul Ball, location: 2F
0-2: Ball
1-2: Fly out, F6 (Popup, 6MD, EV 61.9 MPH)
Bottom of the 4th over - 0 runs, 0 hits, 0 errors, 0 left on base; Hillsboro 2 - Cincinnati (NYP) 0
TOP OF THE 5TH
Hillsboro Hops batting - Pitching for Cincinnati (NYP) Reds : RHP Toby Riley
Batting: LHB Josh Kirk 0-0: Ball
1-0: SINGLE (Line Drive, 4D, EV 99.4 MPH)
Batting: RHB Trevor Corey 0-0: Called Strike
0-1: Foul Ball, location: 2F
0-2: Ground out 4-3 (Groundball, 34S, EV 81.9 MPH)
Josh Kirk to second
Batting: RHB Yutaka Oki 0-0: Called Strike
0-1: DOUBLE (Flyball, 8LXD, EV 94.4 MPH)
Josh Kirk scores
Batting: RHB Daniel Rivera 0-0: Ball
1-0: Ball
2-0: Ground out 5-3 (Groundball, 5, EV 90.0 MPH)
Batting: LHB Franklin Quezada 0-0: Called Strike
0-1: Ground out 3-1 (Groundball, 34, EV 85.0 MPH)
Top of the 5th over - 1 run, 2 hits, 0 errors, 1 left on base; Hillsboro 3 - Cincinnati (NYP) 0
BOTTOM OF THE 5TH
Cincinnati (NYP) Reds batting - Pitching for Hillsboro Hops : RHP Jose Rodas
Batting: RHB Tim Walter 0-0: Foul Ball, location: 2F
0-1: Called Strike
0-2: Foul Ball, location: 2F
0-2: Ball
1-2: Ball
2-2: Ball
3-2: Foul Ball, location: 2F
3-2: Foul Ball, location: 2F
3-2: Base on Balls
Batting: LHB Jason Pirkle 0-0: Grounds into double play, 4-6-3 (Groundball, 4, EV 81.2 MPH)
Batting: RHB Cyd Carver 0-0: Ball
1-0: Swinging Strike
1-1: Ball
2-1: Foul Ball, location: 2F
2-2: Ball
3-2: Ground out 6-3 (Groundball, 6, EV 100.0 MPH)
Bottom of the 5th over - 0 runs, 0 hits, 0 errors, 0 left on base; Hillsboro 3 - Cincinnati (NYP) 0
TOP OF THE 6TH
Hillsboro Hops batting - Pitching for Cincinnati (NYP) Reds : RHP Toby Riley
Batting: RHB Danny Loyola 0-0: Called Strike
0-1: Called Strike
0-2: Ball
1-2: Strikes out swinging
Batting: RHB Jonathan Underhill 0-0: Foul Ball, location: 2F
0-1: Swinging Strike
0-2: Foul Ball, location: 2F
0-2: Strikes out looking
Batting: RHB Cesar Rendon 0-0: Ground out 3-1 (Groundball, 34, EV 95.0 MPH)
Top of the 6th over - 0 runs, 0 hits, 0 errors, 0 left on base; Hillsboro 3 - Cincinnati (NYP) 0
BOTTOM OF THE 6TH
Cincinnati (NYP) Reds batting - Pitching for Hillsboro Hops : RHP Jose Rodas
Batting: RHB Jon Marquez 0-0: Ball
1-0: Ball
2-0: Swinging Strike
2-1: Swinging Strike
2-2: Ball
3-2: Strikes out looking
Batting: RHB Kevin Larner 0-0: Ground out 6-3 (Groundball, 6, EV 87.5 MPH)
Batting: RHB Randy Grewe 0-0: Ball
1-0: Ground out U3 (Groundball, 34S, EV 86.9 MPH)
Bottom of the 6th over - 0 runs, 0 hits, 0 errors, 0 left on base; Hillsboro 3 - Cincinnati (NYP) 0
TOP OF THE 7TH
Hillsboro Hops batting - Pitching for Cincinnati (NYP) Reds : RHP Toby Riley
Batting: RHB Antonio Luisa 0-0: Ball
1-0: Foul Ball, location: 2F
1-1: Called Strike
1-2: Ball
2-2: Ball
3-2: Base on Balls
Pitching: LHP Jordan Leon
Batting: LHB Josh Kirk 0-0: Sac Bunt to P - play at first, batter OUT! 1-3
Antonio Luisa to second
Pitching: RHP Chris Miles
Batting: RHB Trevor Corey 0-0: Ground out 1-3 (Groundball, 34S, EV 69.4 MPH)
Antonio Luisa to third
Batting: RHB Yutaka Oki 0-0: Called Strike
0-1: Ball
1-1: Called Strike
1-2: Ball
2-2: Ground out 5-3 (Groundball, 56S, EV 68.8 MPH)
Top of the 7th over - 0 runs, 0 hits, 0 errors, 1 left on base; Hillsboro 3 - Cincinnati (NYP) 0
BOTTOM OF THE 7TH
Cincinnati (NYP) Reds batting - Pitching for Hillsboro Hops : RHP Jose Rodas
Batting: LHB Brian Dickeson 0-0: Ball
1-0: DOUBLE (Line Drive, 78D, EV 113.8 MPH)
Batting: RHB David Clough 0-0: SINGLE (Groundball, 34D, EV 96.2 MPH)
Brian Dickeson to third
Batting: SHB Cesar Pelayo 0-0: 3-RUN HOME RUN (Flyball, 9LD, EV 92.5 MPH), Distance : 341 ft
Batting: RHB Tim Walter 0-0: Ball
1-0: Ball
2-0: Ball
3-0: Called Strike
3-1: Foul Ball, location: 2F
3-2: Strikes out swinging
Batting: LHB Jason Pirkle 0-0: Called Strike
0-1: Ball
1-1: Foul Ball, location: 2F
1-2: Foul Ball, location: 2F
1-2: Strikes out looking
Batting: RHB Cyd Carver 0-0: Ball
1-0: Ball
2-0: Ball
3-0: Called Strike
3-1: Ground out 6-3 (Groundball, 6, EV 98.8 MPH)
Bottom of the 7th over - 3 runs, 3 hits, 0 errors, 0 left on base; Hillsboro 3 - Cincinnati (NYP) 3
TOP OF THE 8TH
Hillsboro Hops batting - Pitching for Cincinnati (NYP) Reds : RHP Chris Miles
Batting: RHB Daniel Rivera 0-0: Called Strike
0-1: Called Strike
0-2: Ball
1-2: Reached on error, E5 (Groundball, 56, EV 103.1 MPH)
Batting: LHB Franklin Quezada 0-0: Ball
1-0: Swinging Strike
1-1: Ball
2-1: Swinging Strike
2-2: Foul Ball, location: 2F
2-2: Ball
3-2: Strikes out swinging
Batting: LHB Josh Thomas 0-0: Foul Ball, location: 2F
0-1: Ball
1-1: Ball
2-1: Called Strike
2-2: Fly out, F4 (Line Drive, 4D, EV 70.6 MPH)
Batting: RHB Jonathan Underhill 0-0: Ball
1-0: Foul Ball, location: 2F
1-1: SINGLE (Groundball, 56D, EV 97.5 MPH)
Daniel Rivera to second
Pinch Hitting: SHB Morgan Batson 0-0: Ball
1-0: Foul Ball, location: 2F
1-1: Called Strike
1-2: Ball
2-2: Strikes out looking
Top of the 8th over - 0 runs, 1 hit, 1 error, 2 left on base; Hillsboro 3 - Cincinnati (NYP) 3
BOTTOM OF THE 8TH
Cincinnati (NYP) Reds batting - Pitching for Hillsboro Hops : RHP Jose Rodas
Pitching: LHP Matt Bagnall
Now in LF: Chris McGrath
Now in CF: Yutaka Oki
Batting: RHB Jon Marquez 0-0: Ball
1-0: Called Strike
1-1: Ball
2-1: Foul Ball, location: 2F
2-2: Strikes out swinging
Batting: RHB Kevin Larner 0-0: Ball
1-0: Ball
2-0: Ball
3-0: Called Strike
3-1: Foul Ball, location: 2F
3-2: Strikes out swinging, 2-3 out at first.
Batting: RHB Randy Grewe 0-0: Ball
1-0: Called Strike
1-1: Fly out, F6 (Popup, 4M, EV 73.1 MPH)
Bottom of the 8th over - 0 runs, 0 hits, 0 errors, 0 left on base; Hillsboro 3 - Cincinnati (NYP) 3
TOP OF THE 9TH
Hillsboro Hops batting - Pitching for Cincinnati (NYP) Reds : RHP Chris Miles
Batting: RHB Antonio Luisa 0-0: Swinging Strike
0-1: Ball
1-1: Swinging Strike
1-2: Ball
2-2: Strikes out swinging
Batting: LHB Josh Kirk 0-0: Called Strike
0-1: Swinging Strike
0-2: Strikes out swinging
Pinch Hitting: LHB Dillon Rizzuto 0-0: Ball
1-0: Called Strike
1-1: Swinging Strike
1-2: Strikes out swinging
Top of the 9th over - 0 runs, 0 hits, 0 errors, 0 left on base; Hillsboro 3 - Cincinnati (NYP) 3
BOTTOM OF THE 9TH
Cincinnati (NYP) Reds batting - Pitching for Hillsboro Hops : LHP Matt Bagnall
Now at C: John Ricketts
Pinch Hitting: RHB Chris Christaldi 0-0: Foul Ball, location: 2F
0-1: Ball
1-1: Fly out, F8 (Flyball, 8LM, EV 84.4 MPH)
DELAY Rain delay of 16 minutes in the 9th inning.
Batting: RHB David Clough 0-0: Called Strike
0-1: Swinging Strike
0-2: Foul Ball, location: 2F
0-2: Strikes out looking
Batting: SHB Cesar Pelayo 0-0: Called Strike
0-1: Ground out U3 (Groundball, 3L, EV 86.2 MPH)
Bottom of the 9th over - 0 runs, 0 hits, 0 errors, 0 left on base; Hillsboro 3 - Cincinnati (NYP) 3
TOP OF THE 10TH
Hillsboro Hops batting - Pitching for Cincinnati (NYP) Reds : RHP Chris Miles
Pitching: RHP Rob Penton
Now in RF: R.J. Romberg
Batting: RHB Yutaka Oki 0-0: Foul Ball, location: 2F
0-1: Ball
1-1: Swinging Strike
1-2: Ball
2-2: SINGLE (Line Drive, 89S, EV 106.2 MPH)
Batting: RHB Daniel Rivera 0-0: Called Strike
0-1: Called Strike
0-2: Ball
1-2: Fly out, F9 (Line Drive, 89D, EV 96.2 MPH)
Now in RF: Tony Diaz
Batting: LHB Franklin Quezada 0-0: Swinging Strike
0-1: Ball
1-1: Ball
2-1: Ball
3-1: Called Strike
3-2: Foul Ball, location: 2F
3-2: Strikes out swinging
Yutaka Oki steals 2nd base
Batter strikes out.
Batting: LHB Josh Thomas 0-0: Intentional Walk
Batting: RHB Jonathan Underhill 0-0: Ground out 3-1 (Groundball, 13, EV 78.8 MPH)
Top of the 10th over - 0 runs, 1 hit, 0 errors, 2 left on base; Hillsboro 3 - Cincinnati (NYP) 3
BOTTOM OF THE 10TH
Cincinnati (NYP) Reds batting - Pitching for Hillsboro Hops : LHP Matt Bagnall
Pitching: RHP John Meyer
Pinch Hitting: LHB Matthew Berry 0-0: Foul Ball, location: 2F
0-1: Ground out 6-3 (Groundball, P, EV 85.0 MPH)
Batting: LHB Jason Pirkle 0-0: Ball
1-0: Ball
2-0: Foul Ball, location: 2F
2-1: Ball
3-1: Called Strike
3-2: Base on Balls
Pinch Hitting: SHB Kristian Kristensen 0-0: Ball
1-0: Called Strike
1-1: SINGLE (Groundball, 34D, EV 100.6 MPH)
Jason Pirkle to second
Runner from 2nd tries for 3rd, SAFE, throw by RF made to third
Batting: RHB Jon Marquez 0-0: Fielders Choice at home, 3-2 (Groundball, 34, EV 88.8 MPH)
Kristian Kristensen to second
Batting: RHB Kevin Larner 0-0: Ball
1-0: SINGLE (Groundball, 56D, EV 108.1 MPH)
Kristian Kristensen to third
Jon Marquez to second
Runner from 3rd tries for Home, SAFE, throw by LF to home
Bottom of the 10th over - 1 run, 2 hits, 0 errors, 2 left on base; Hillsboro 3 - Cincinnati (NYP) 4
Tuesday, March 28th , 2023 - OOTP Baseball 23.10 Build 110